 Dungeon Crawl Stone Soup version 0.26-a0-712-ga5a9c9c9d0 (webtiles) character file.

Game seed: 14840247448004732930

81 kae the Changer (level 4, 0/38 HPs)
             Began as a Naga Transmuter on Nov 2, 2020.
             Slain by an adder (4 damage)
             ... on level 3 of the Dungeon.
             The game lasted 00:01:55 (2922 turns).

kae the Changer (Naga Transmuter)                   Turns: 2922, Time: 00:01:56

Health: 0/38       AC:  2    Str: 13    XL:     4   Next: 42%
Magic:  7/7        EV: 10    Int: 14    God:
Gold:   152        SH:  0    Dex: 11    Spells: 3/7 levels left

rFire    . . .     SeeInvis +     - Unarmed
rCold    . . .     Faith    .   (no shield)
rNeg     . . .     Spirit   .   a - +0 robe
rPois    +         Reflect  .   (helmet currently unavailable)
rElec    .         Harm     .   (no cloak)
rCorr    .         Rampage  .   (no gloves)
MR       .....                  (no barding)
Stlth    +.........             (no amulet)
HPRegen  0.12/turn              (no ring)
MPRegen  0.10/turn              (no ring)

@: lethally poisoned (0 -> -12), short of breath, appendages (expiring), very
slow
A: large, horns 2, see invisible, deformed body, poison resistance, slowness 2,
spit poison 1, AC +1
a: Spit Poison, End Transformation


You were on level 3 of the Dungeon.
You had grown temporary horns.
You visited 1 branch of the dungeon, and saw 3 of its levels.

You collected 152 gold pieces.

Inventory:

Armour
 a - a +0 robe (worn)
 e - a +1 hat (melded)
Jewellery
 j - an uncursed ring of flight {unknown}
Scrolls
 c - a scroll of blinking
Potions
 b - a potion of haste {unknown}
 d - a potion of brilliance {unknown}
 f - a potion of heal wounds {unknown}
 g - a potion of curing {unknown}
 h - a potion of might {unknown}
 i - a potion of stabbing {unknown}
 l - a potion of cancellation {unknown}


   Skills:
 - Level 1.0 Fighting
 - Level 1.5 Dodging
 + Level 3.7 Unarmed Combat
 - Level 2.0 Spellcasting
 * Level 3.9 Transmutations


You had 3 spell levels left.
You knew the following spells:

 Your Spells              Type           Power        Failure   Level
a - Beastly Appendage     Tmut           ##....       4%          1
b - Spider Form           Tmut/Pois      #.........   32%         3

Your spell library contained the following spells:

 Spells                   Type           Power        Failure   Level
 Wereblood                Tmut           ##......     8%          2
 Animate Skeleton         Necr           #.....       24%         1
 Apportation              Tloc           #.....       24%         1
 Corona                   Hex            #......      24%         1
 Summon Small Mammal      Summ           #...         24%         1
 Ice Form                 Ice/Tmut       #.......     71%         4
 Blade Hands              Tmut           ##........   80%         5


Dungeon Overview and Level Annotations

Branches:
Dungeon (3/15)

Altars:


Innate Abilities, Weirdness & Mutations

You cannot wear boots.
Your serpentine skin is tough. (AC +1)
You have supernaturally acute eyesight. (SInv)
Armour fits poorly on your strangely shaped body.
Your system is resistant to poisons. (rPois)
You cover ground very slowly.
You can spit poison.
You have a pair of horns on your head.


Message History

The adder is almost dead.
Your transformation is almost over.
The adder bites you.
You miss the adder.
The adder is almost dead.
You feel sick. The adder bites you.
* * * LOW HITPOINT WARNING * * *
You barely miss the adder. Your headbutt misses the adder.
The adder is almost dead.
You feel sick. The adder bites you.
* * * LOW HITPOINT WARNING * * *
You are lethally poisoned!
The adder poisons you! The adder bites you.
* * * LOW HITPOINT WARNING * * *
Press: ? - help, Shift-Dir - straight line, f - adder
Aim: an adder (almost dead)
The splash of poison misses the adder.
* * * LOW HITPOINT WARNING * * *
You feel sick. The adder bites you.
You die...

#$.... ....
.... ... #..
#.# #S# #@# #)#
#.# #
##########.#..#
#..†..........#
##.#######.####
#.# #... #.#
##### #.#


You could see an adder.

Vanquished Creatures
  A gnoll (D:1)
  2 adders
  2 worms (D:2)
  A dart slug (D:1)
  3 leopard geckos
  An orc (D:3)
  5 bats
  A giant cockroach (D:2)
  11 goblins
  3 hobgoblins (D:1)
  2 frilled lizards
  6 kobolds
  2 rats
40 creatures vanquished.

Notes
Turn   | Place    | Note
-------+----------+-------------------------------------------
     0 | D:1      | kae the Naga Transmuter began the quest for the Orb.
     0 | D:1      | Reached XP level 1. HP: 18/18 MP: 3/3
   234 | D:1      | Reached XP level 2. HP: 13/25 MP: 3/5
   853 | D:1      | Reached XP level 3. HP: 25/31 MP: 4/6
   858 | D:1      | Learned a level 3 spell: Spider Form
  1738 | D:2      | Reached XP level 4. HP: 35/38 MP: 7/7
  2922 | D:3      | Slain by an adder

Illustrated notes

Levels and vault maps discovered:
D:1:      psy_arrival_spokes, layout_loops_corners
D:2:      layout_basic, minmay_tromino_v7
D:3:      layout_basic, lemuel_another_geyser

Skill      XL: |  1  2 |
---------------+-------+-----
Transmutations | 3 |  3.9
Fighting       | |  1.0
Dodging        | |  1.5
Unarmed Combat | |  3.7
Spellcasting   | |  2.0

Action                   |  1- 3 |  4- 6 || total
-------------------------+-------+-------++-------
Melee: Unarmed           |    70 |    55 ||   125
       Headbutt          |     7 |     6 ||    13
       Punch             |     1 |     1 ||     2
 Cast: Beastly Appendage |    18 |     8 ||    26
       Spider Form       |     1 |       ||     1
 Abil: Spit Poison       |    11 |     4 ||    15
  Use: Scroll            |     3 |     1 ||     4
 Stab: Sleeping          |       |     1 ||     1
Armor: Robe              |     9 |     5 ||    14
       Skin              |     4 |       ||     4
Dodge: Dodged            |    60 |    29 ||    89

Table legend: (Time is in decaauts)
 A = Elapsed time spent in this place.
 B = Non-inter-level travel time spent in this place.
 C = Inter-level travel time spent in this place.
 D = Time resting spent in this place.
 E = Time spent auto-exploring this place.
 F = Levels seen in this place.
 G = Mean time per level.
                   A        B        C        D        E       F      G
               +--------+--------+--------+--------+--------+-----+--------+
         Total |   3493 |   3386 |    107 |      2 |   3043 |   3 | 1164.3 |
       Dungeon |   3493 |   3386 |    107 |      2 |   3043 |   3 | 1164.3 |
               +--------+--------+--------+--------+--------+-----+--------+

Top non-repeatable levels by time:
     D:1: 1745 daAuts
     D:2: 1553 daAuts
     D:3: 194 daAuts
